 Dungeon Crawl Stone Soup version 0.28-a0-1038-g9c4cb8273d (webtiles) character file.

Game seed: 4504322965465626181

7292 meatgazer the Schismatic (level 10, 0/79 (83) HPs)
             Began as a Demonspawn Abyssal Knight on Dec 8, 2021.
             Was an Elder of Lugonu.
             Slain by a two-headed ogre (22 damage)
             ... on level 9 of the Dungeon.
             The game lasted 00:13:26 (11171 turns).

meatgazer the Schismatic (DsAK)                    Turns: 11171, Time: 00:13:27

HP:   0/79 (83)     AC: 15    Str: 25    XL:     10   Next: 89%
MP:   17/17         EV:  8    Int:  8    God:    Lugonu [****..]
Gold: 552           SH:  0    Dex: 15    Spells: 9/9 levels left

rFire   . . .      SeeInvis .   f - +9 broad axe of Optimality {drain, rPois rF- Str+10 Int-5}
rCold   . . .      Faith    .   (no shield)
rNeg    . . .      Spirit   .   n - +4 chain mail {rF+}
rPois   +          Reflect  .   (helmet unavailable)
rElec   .          Harm     .   (cloak unavailable)
rCorr   .          Rampage  .   v - +1 pair of gloves
Will    .....                   (no boots)
Stlth   ..........              (no amulet)
HPRegen 0.23/turn               (no ring)
MPRegen 0.30/turn               (no ring)

@: lightly drained
A: horns 3, magic regeneration, weakness stinger 3
a: Renounce Religion, Depart the Abyss, Bend Space, Banish, Corrupt


You were on level 9 of the Dungeon.
You worshipped Lugonu.
Lugonu was greatly pleased with you.
You visited 1 branch of the dungeon, and saw 9 of its levels.
You visited the Abyss 1 time.

You collected 552 gold pieces.

Inventory:

Hand Weapons
 a - a +1 falchion
 f - the +9 broad axe of Optimality (weapon) {drain, rPois rF- Str+10 Int-5}
   (You found it on level 4 of the Abyss)

   A truly terrible weapon, it drains the life of any living foe it strikes.
   Str:       It affects your strength (+10).
   Int:       It affects your intelligence (-5).
   rF:        It makes you vulnerable to fire.
   rPois:     It protects you from poison.
Missiles
 b - 2 throwing nets
Armour
 d - a +2 kite shield of reflection
 n - a +4 chain mail of fire resistance (worn)
 v - a +1 pair of gloves (worn)
Jewellery
 j - a ring of fire
 x - a ring of wizardry
 y - a +6 ring of dexterity
Wands
 i - a wand of paralysis (10)
 k - a wand of acid (1)
 s - a wand of polymorph (5)
 w - a wand of flame (8)
Scrolls
 e - 3 scrolls of blinking
 g - a scroll of fear
 r - 3 scrolls of teleportation
 t - a scroll of fog
Potions
 h - 2 potions of lignification
 l - a potion of mutation {unknown}
 m - a potion of flight {unknown}
 o - a potion of degeneration {unknown}
 p - a potion of curing
 q - a potion of might
 u - 2 potions of heal wounds
 z - a potion of berserk rage {unknown}
 A - 2 potions of invisibility {unknown}
 B - a potion of haste {unknown}
Miscellaneous
 c - a tin of tremorstones (inert)


   Skills:
 * Level 9.4 Fighting
 - Level 1.7 Long Blades
 * Level 8.0 Axes
 + Level 4.8 Armour
 - Level 0.8 Dodging
 + Level 6.1 Shields
 - Level 10.0 Invocations


You had 9 spell levels left.
You didn't know any spells.
Your spell library contained the following spells:

 Spells                   Type           Power      Damage    Failure   Level
 Ensorcelled Hibernation  Hex/Ice        0%         N/A       99%         2
 Passwall                 Tmut/Erth      0%         N/A       99%         2
 Spider Form              Tmut/Pois      0%         N/A       100%        3
 Swiftness                Air            0%         N/A       100%        3


Dungeon Overview and Level Annotations

Branches:
Dungeon (9/15)             Temple (0/1) D:6             Orc (0/2) D:9
   Lair: D:8-11

Altars:
Sif Muna


Innate Abilities, Weirdness & Mutations

You have a pair of large horns on your head.
You regenerate magic rapidly.
You have a sharp stinger which inflicts weakening toxins.


Message History

You closely miss the wight. You tail-slap the wight.
The wight is severely damaged.
The wight hits you with a +2 vorpal battleaxe!
The wight closely misses you.
You are too injured to fight recklessly!
You slash the wight!
You destroy the wight!
Lugonu accepts your kill.
The wight hits you from afar with a +0 spear.
The wight hits you but does no damage.
An orc wizard comes into view. It is wielding a +0 dagger.
Things that are here:
a +0 dire flail; a +0 plate armour; an orc corpse You completely miss the wight.
The orc wizard shouts!
You headbutt the wight!
The wight is almost destroyed.
The wight hits you but does no damage.
You slice the wight!!
You destroy the wight!
Lugonu accepts your kill.
The orc wizard gestures at you while chanting.
You easily resist.
A two-headed ogre comes into view.
It is wielding a +0 giant spiked club and a +0 giant club.
The two-headed ogre shouts in stereo!
The orc wizard hits you but does no damage.
You slice the orc wizard!!
You kill the orc wizard!
Lugonu accepts your kill.
Found a potion of lignification.
Things that are here:
a +0 dagger; a +0 robe The two-headed ogre hits you with a +0 giant spiked club!
* * * LOW HITPOINT WARNING * * *
The two-headed ogre hits you but does no damage.
You slice the two-headed ogre!! You drain the two-headed ogre!
You headbutt the two-headed ogre!
The two-headed ogre is almost dead.
The two-headed ogre hits you with a +0 giant spiked club!!
You die...

..##....# .....
#.......#....!.
#.......#......
#.......#......
#.......#......
............. #.
#..O.......
#.....#..@.......
#.....#..).......
#.....#..........
.... #..........
##'###))........
#...##.)).......
#.8..)).........
##)..#..##..#....
+###)#.###.#
..#....


You could see a two-headed ogre (drained).

Vanquished Creatures
  A two-headed ogre (D:9)
  Maurice (D:8)
  Maggie (D:8)
  A troll (D:7)
  Grinder (D:6)
  A slime creature (D:8)
  Prince Ribbit (D:9)
  Sigmund (D:4)
  A shadow (D:9)
  A wyvern (D:8)
  4 yaks (D:8)
  A steam dragon (D:7)
  2 water moccasins
  2 orc warriors
  A sky beast (D:6)
  2 black bears
  A necrophage (D:7)
  2 ogres
  4 centaurs
  3 phantoms
  4 kobold brigands
  3 bullfrogs
  A wyvern zombie (D:5)
  A gnoll sergeant (D:8)
  2 scorpions (D:5)
  A water moccasin skeleton (D:5)
  4 wights (D:9)
  5 howler monkeys
  2 hounds
  2 jellies
  Crazy Yiuf (D:2)
  A gnoll shaman (D:6)
  10 orc priests
  3 centaur skeletons
  3 iguanas
  Jessica (D:2)
  8 orc wizards
  A scorpion zombie (D:5)
  A hound skeleton (D:5)
  14 gnolls
  2 adders (D:4)
  2 shadow imps
  A white imp (D:7)
  2 ufetubi
  A worm (D:2)
  40 orcs
  4 ball pythons
  7 bats
  5 endoplasms
  A giant cockroach (D:2)
  5 goblins
  12 hobgoblins
  7 jackals
  25 kobolds
  A quokka (D:4)
  5 rats
220 creatures vanquished.

Vanquished Creatures (others)
  An orc (D:7)
1 creature vanquished.

Grand Total: 221 creatures vanquished

Notes
Turn   | Place    | Note
-------+----------+-------------------------------------------
     0 | Abyss:1  | meatgazer the Demonspawn Abyssal Knight began the quest for
                  | the Orb.
     0 | Abyss:1  | Reached XP level 1. HP: 18/18 MP: 2/2
   143 | Abyss:3  | Noticed a small abomination
   146 | Abyss:3  | Noticed a fire elemental
   152 | Abyss:3  | Noticed an apocalypse crab
   159 | Abyss:3  | Noticed a ynoxinul
   166 | Abyss:3  | Noticed a starcursed mass
   166 | Abyss:3  | Noticed a tentacled starspawn
   178 | Abyss:4  | Found a shimmering altar of Xom.
   189 | Abyss:4  | Noticed an orange demon
   191 | Abyss:4  | Identified the +9 broad axe of Optimality {drain, rPois rF-
                  | Str+10 Int-5}
   193 | D:1      | Escaped the Abyss
   339 | D:1      | Found a faded altar of an unknown god.
   732 | D:1      | Discovered your monstrous ancestry.
   732 | D:1      | Gained mutation: You have a small tail. [demonic ancestry]
   732 | D:1      | Reached XP level 2. HP: 19/24 MP: 4/4
   799 | D:1      | Reached * piety under Lugonu
   896 | D:1      | Reached skill level 3 in Invocations
   932 | D:1      | Reached skill level 1 in Axes
  1246 | D:1      | Gained mutation: You have a tail ending in a sharp stinger.
                  | [demonic ancestry]
  1246 | D:1      | Reached XP level 3. HP: 20/29 MP: 5/5
  2447 | D:2      | Found a runed translucent door.
  2448 | D:2      | Noticed Crazy Yiuf
  2621 | D:2      | Reached ** piety under Lugonu
  2864 | D:2      | Noticed Jessica
  2865 | D:2      | Killed Jessica
  2866 | D:2      | Gained mutation: You have a pair of small horns on your
                  | head. [demonic ancestry]
  2866 | D:2      | Reached XP level 4. HP: 37/37 MP: 6/6
  3147 | D:2      | Killed Crazy Yiuf
  3148 | D:2      | Reached skill level 1 in Shields
  3148 | D:2      | Reached skill level 4 in Invocations
  3215 | D:3      | Gained mutation: You have a pair of horns on your head.
                  | [demonic ancestry]
  3215 | D:3      | Reached XP level 5. HP: 37/42 MP: 8/8
  3871 | D:3      | Gained mutation: You have a sharp stinger which inflicts
                  | weakening toxins. [demonic ancestry]
  3871 | D:3      | Reached XP level 6. HP: 40/49 MP: 9/9
  4525 | D:4      | Reached skill level 5 in Invocations
  4664 | D:4      | Reached *** piety under Lugonu
  4828 | D:4      | Gained mutation: You have a pair of large horns on your
                  | head. [demonic ancestry]
  4828 | D:4      | Reached XP level 7. HP: 55/55 MP: 11/11
  5070 | D:4      | Noticed Sigmund
  5076 | D:4      | Killed Sigmund
  5077 | D:4      | Reached skill level 5 in Fighting
  5077 | D:4      | Reached skill level 6 in Invocations
  5455 | D:5      | Entered Level 5 of the Dungeon
  5779 | D:5      | Reached XP level 8. HP: 63/63 MP: 12/12
  5970 | D:5      | Reached skill level 7 in Invocations
  6161 | D:5      | Identified a scroll of acquirement
  6161 | D:5      | Acquired a +4 chain mail of fire resistance
  6275 | D:5      | Reached **** piety under Lugonu
  7376 | D:6      | Noticed Grinder
  7376 | D:6      | Paralysed by Grinder for 6 turns
  7388 | D:6      | Killed Grinder
  7389 | D:6      | Reached skill level 5 in Axes
  7389 | D:6      | Reached skill level 8 in Invocations
  7412 | D:6      | Gained mutation: You regenerate magic rapidly. [demonic
                  | ancestry]
  7412 | D:6      | Reached XP level 9. HP: 65/71 MP: 15/15
  8078 | D:6      | Found a staircase to the Ecumenical Temple.
  8567 | D:7      | Noticed a troll
  8573 | D:7      | Killed a troll
  8574 | D:7      | Reached skill level 9 in Invocations
  8684 | D:7      | Reached skill level 5 in Shields
  9671 | D:8      | Reached XP level 10. HP: 53/80 MP: 17/17
  9717 | D:8      | Noticed a manticore
  9720 | D:8      | Banished a manticore
  9721 | D:8      | Reached skill level 10 in Invocations
 10356 | D:8      | Noticed Maurice
 10356 | D:8      | Noticed Maggie
 10363 | D:8      | Killed Maggie
 10369 | D:8      | Killed Maurice
 10712 | D:8      | Found a shimmering blue altar of Sif Muna.
 10880 | D:9      | Noticed Prince Ribbit
 10890 | D:9      | Killed Prince Ribbit
 11099 | D:9      | Found a staircase to the Orcish Mines.
 11144 | D:9      | Noticed a two-headed ogre
 11149 | D:9      | Killed a two-headed ogre
 11167 | D:9      | Noticed a two-headed ogre
 11171 | D:9      | Slain by a two-headed ogre

Illustrated notes

Levels and vault maps discovered:
D:1:      eino_arrival_water_star, layout_loops_ring,
          hellmonk_ecumenical_altar_pennies_from_heaven
D:2:      layout_basic, minmay_misc_feat_cross, chequers_serial_rivers_large_a,
          nrook_mini_vaults, moated_statue, uniq_crazy_yiuf_cottage,
          uniq_jessica
D:3:      wander_river, layout_rooms
D:4:      layout_loops_cross, uniq_sigmund
D:5:      cheibrodos_thug_alley, layout_basic
D:6:      layout_basic, minmay_temple_entry_trees, uniq_grinder
D:7:      layout_loops_ring
D:8:      layout_loops_ring, marbit_many_paths, minmay_small_thing,
          uniq_maurice, uniq_maggie
D:9:      layout_stronghold, hiddenorc2_lemuel, hangedman_abyss_or_decor_passed,
          uniq_prince_ribbit1

Skill      XL: |  1  2  3  4  5  6  7  8  9 10 |
---------------+-------------------------------+-----
Invocations    | 3 4 5 6 8 9 10 | 10.0
Axes           | 1 2 3 4 5 6 8 |  8.0
Shields        | 1 2 3 4 5 6 |  6.1
Fighting       | 4 5 6 7 9 |  9.4
Armour         | 2 3 4 |  4.8
Long Blades    | |  1.7
Dodging        | |  0.8

Action                   |  1- 3 |  4- 6 |  7- 9 | 10-12 || total
-------------------------+-------+-------+-------+-------++-------
Melee: Broad axe         |    63 |    46 |   145 |    95 ||   349
       Tailslap          |     3 |     5 |    17 |    17 ||    42
       Headbutt          |       |    10 |    21 |    20 ||    51
Invok: Depart the Abyss  |     1 |       |       |       ||     1
       Banish            |       |       |       |     1 ||     1
Evoke: Tin of tremorston |     1 |       |       |     2 ||     3
       Wand              |       |       |       |     5 ||     5
  Use: Scroll            |     6 |     4 |     5 |     2 ||    17
       Potion            |     1 |       |     1 |     2 ||     4
 Stab: Sleeping          |     1 |       |       |       ||     1
Armor: Leather armour    |    12 |    14 |     7 |       ||    33
       Chain mail        |       |       |    70 |    43 ||   113
Dodge: Dodged            |    43 |    32 |    85 |    33 ||   193

Table legend: (Time is in decaauts)
 A = Elapsed time spent in this place.
 B = Non-inter-level travel time spent in this place.
 C = Inter-level travel time spent in this place.
 D = Time resting spent in this place.
 E = Time spent auto-exploring this place.
 F = Levels seen in this place.
 G = Mean time per level.
                   A        B        C        D        E       F      G
               +--------+--------+--------+--------+--------+-----+--------+
         Total |  11356 |  11141 |    215 |   3833 |   6097 |  13 |  873.5 |
       Dungeon |  11154 |  10939 |    215 |   3833 |   5975 |   9 | 1239.3 |
         Abyss |    201 |    201 |      0 |      0 |    122 |   4 |   50.2 |
               +--------+--------+--------+--------+--------+-----+--------+

Top non-repeatable levels by time:
     D:1: 2026 daAuts
     D:5: 1901 daAuts
     D:8: 1322 daAuts
     D:4: 1175 daAuts
     D:7: 1162 daAuts
     D:3: 1120 daAuts
     D:6: 1093 daAuts
     D:2: 1042 daAuts
     D:9: 310 daAuts
 Abyss:3: 116 daAuts
 Abyss:2: 49 daAuts
 Abyss:4: 32 daAuts
 Abyss:1: 3 daAuts
